 Dungeon Crawl Stone Soup version 0.27-a0-1519-gc8121b2 (webtiles) character file.

Game seed: 3284061846169332143

7 Illumine the Ducker (level 1, -1/16 HPs)
             Began as a Demonspawn Gladiator on July 10, 2021.
             Slain by a kobold (3 damage)
             ... on level 1 of the Dungeon.
             The game lasted 00:00:18 (366 turns).

Illumine the Ducker (Demonspawn Gladiator)           Turns: 366, Time: 00:00:18

Health: -1/16      AC:  4    Str: 14    XL:     1   Next: 83%
Magic:  1/1        EV: 12    Int:  9    God:
Gold:   14         SH:  0    Dex: 14    Spells: 0/0 levels left

rFire    . . .     SeeInvis .   a - +0 trident
rCold    . . .     Faith    .   (no shield)
rNeg     . . .     Spirit   .   b - +0 leather armour
rPois    .         Reflect  .   c - +0 helmet
rElec    .         Harm     .   (no cloak)
rCorr    .         Rampage  .   (no gloves)
Will     .....                  (no boots)
Stlth    +.........             (no amulet)
HPRegen  0.05/turn              (no ring)
MPRegen  0.07/turn              (no ring)

@: no status effects
A: no striking features
a: no special abilities


You were on level 1 of the Dungeon.
You visited 1 branch of the dungeon, and saw 1 of its levels.

You collected 14 gold pieces.

Inventory:

Hand Weapons
 a - a +0 trident (weapon)
Missiles
 d - 3 throwing nets (quivered)
Armour
 b - a +0 leather armour (worn)
 c - a +0 helmet (worn)


   Skills:
 + Level 2.1 Fighting
 * Level 2.9 Polearms
 - Level 1.7 Throwing
 + Level 2.9 Dodging


You couldn't memorise any spells.
You didn't know any spells.
Your spell library was empty.

Dungeon Overview and Level Annotations

Branches:
Dungeon (1/15)

Altars:


Message History

You hit the dart slug.
The dart slug is heavily wounded.
The dart slug barely misses you.
Your unstable footing causes you to fumble your attack.
The dart slug launches a dart at you. The slug dart misses you.
You hit the dart slug.
The dart slug is almost dead.
The dart slug misses you.
A dart slug is nearby!
You hit the dart slug.
You kill the dart slug!
Key pressed, stopping explore.
No target in view!
You open the door.
A ball python comes into view.
A kobold comes into view. It is wielding a +2 dagger of speed.
There is an open door here.
There are monsters nearby!
The ball python hisses angrily.
The kobold shouts!
There are monsters nearby!
You closely miss the ball python. The ball python barely misses you.
The ball python grabs you. The ball python constricts you.
The kobold hits you with a +2 dagger of speed.
The ball python bites you. The ball python constricts you.
You hit the ball python.
You kill the ball python!
The kobold hits you with a +2 dagger of speed.
The kobold misses you.
The kobold hits you with a +2 dagger of speed.
The kobold hits you with a +2 dagger of speed. x2
* * * LOW HITPOINT WARNING * * *
You are too injured to fight recklessly!
The kobold hits you but does no damage.
You closely miss the kobold. The kobold barely misses you.
The kobold hits you with a +2 dagger of speed.
* * * LOW HITPOINT WARNING * * *
You barely miss the kobold.
The kobold hits you with a +2 dagger of speed.
You die...

#.###_###.#
#.
#....≈....#
#####.
#....≈....#
#.....
#..##≈##..#
...... .
#....≈....#
......
..#####'#####
......
........#..#
......
........K#
#+#####
........@#
####.####
#####....#
##..#.#..##
#.####
#.#.#.#.#.#
...
#..#...#..#
####
####.....###
+.....<.....
####.....###
#..#...#..#
#.#.#.#.#.#


You could see a kobold.

Vanquished Creatures
  A dart slug (D:1)
  An endoplasm (D:1)
  A ball python (D:1)
  A frilled lizard (D:1)
  A kobold (D:1)
  A rat (D:1)
6 creatures vanquished.

Notes
Turn   | Place    | Note
-------+----------+-------------------------------------------
     0 | D:1      | Illumine the Demonspawn Gladiator began the quest for the
                  | Orb.
     0 | D:1      | Reached XP level 1. HP: 16/16 MP: 1/1
   338 | D:1      | Found a faded altar of an unknown god.
   366 | D:1      | Slain by a kobold

Illustrated notes

Levels and vault maps discovered:
D:1:      nzn_arrival_crosshair, layout_basic,
          shapermc_ecumenical_altar_notcrosses, minivault_24,
          lemuel_another_geyser

Action                   || total
-------------------------++-------
Melee: Trident           ||    24
Armor: Leather armour    ||     3
Dodge: Dodged            ||    13

Table legend: (Time is in decaauts)
 A = Elapsed time spent in this place.
 B = Non-inter-level travel time spent in this place.
 C = Inter-level travel time spent in this place.
 D = Time resting spent in this place.
 E = Time spent auto-exploring this place.
 F = Levels seen in this place.
 G = Mean time per level.
                   A        B        C        D        E       F      G
               +--------+--------+--------+--------+--------+-----+--------+
         Total |    370 |    370 |      0 |      0 |    326 |   1 |  370.0 |
       Dungeon |    370 |    370 |      0 |      0 |    326 |   1 |  370.0 |
               +--------+--------+--------+--------+--------+-----+--------+

Top non-repeatable levels by time:
     D:1: 370 daAuts
